 Dungeon Crawl Stone Soup version 0.31.0-11-ge490571c62 (webtiles) character file.

Game seed: 10533671883588006828

2847 ces the Nimble (level 10, -13/55 (60) HPs)
             Began as a Djinni Air Elementalist on Feb 2, 2024.
             Was an Initiate of Makhleb.
             Killed from afar by a rime drake (17 damage)
             ... with an icy flash freeze
             ... on level 8 of the Dungeon.
             The game lasted 00:16:42 (7343 turns).

ces the Nimble (Djinni Air Elementalist)            Turns: 7343, Time: 00:16:43

HP:   -13/55 (60)   AC:  2    Str:  7    XL:     10   Next: 4%
Gold: 496           EV: 16    Int: 21    God:    Makhleb [......] SH:  0 Dex: 14

rFire   + + .        (no weapon)
rCold   x . .        (no shield)
rNeg    . . .        a - +0 robe
rPois   ∞            (no helmet)
rElec   .            (no cloak)
rCorr   .            (no gloves)
SInv    .            (boots unavailable)
Will    +....        (no amulet)
Stlth   +++          j - +4 ring of slaying
HPRegen 0.29/turn    b - ring of wizardry
MPRegen 0.00/turn

%: wizardry (x1), infuse magic (-14 HP)
@: flying, drained
A: sickness immunity, fire resistance 2, cold vulnerability 1, float, innate
caster, HP casting, extra vitality 1
a: Renounce Religion


You were on level 8 of the Dungeon.
You worshipped Makhleb.
Makhleb was noncommittal.
You visited 2 branches of the dungeon, and saw 9 of its levels.

You collected 496 gold pieces.

Inventory:

Armour
 a - a +0 robe (worn)
Jewellery
 b - a ring of wizardry (right hand)
 j - a +4 ring of slaying (left hand)
Wands
 l - a wand of quicksilver (4)
 o - a wand of paralysis (9)
Scrolls
 d - a scroll of vulnerability {unknown}
 e - a scroll of amnesia {unknown}
 f - 2 scrolls of identify
 g - 2 scrolls of fear {unknown}
 n - a scroll of noise {unknown}
 p - a scroll of teleportation {unknown}
Potions
 h - 2 potions of enlightenment
 i - 3 potions of ambrosia
 k - 2 potions of lignification
 m - a potion of curing


   Skills:
 + Level 8.6 Dodging
 + Level 7.1 Stealth
 + Level 6.7 Spellcasting
 + Level 6.7 Conjurations
 + Level 6.7 Hexes
 + Level 6.7 Summonings
 + Level 6.7 Necromancy
 + Level 6.7 Translocations
 + Level 6.7 Fire Magic
 + Level 6.7 Ice Magic
 + Level 6.7 Air Magic
 + Level 6.7 Earth Magic
 + Level 6.7 Alchemy


You knew the following spells:

 Your Spells              Type           Power      Damage    Failure   Level
a - Shock                 Conj/Air       100%       1d9       1%          1
b - Static Discharge      Conj/Air       70%        3-6/arc   1%          2
c - Swiftness             Air            35%        N/A       1%          3
d - Momentum Strike       Conj/Tloc      70%        3d9       1%          2
e - Kiss of Death         Conj/Necr      100%       2d13      1%          1
f - Airstrike             Air            17%        2d(3-19)  2%          4
g - Dazzling Flash        Conj/Hex       70%        N/A       1%          3
h - Sigil of Binding      Hex            35%        N/A       1%          3
Your spell library was empty.

Dungeon Overview and Level Annotations

Branches:
Dungeon (8/15)             Temple (1/1) D:6
   Lair: D:8-11

Altars:
Ashenzari
Dithmenos
Elyvilon
Fedhas
Hepliaklqana
Makhleb
Nemelex Xobeh
Okawaru
Ru
Uskayaw
Wu Jian
Xom
Yredelemnul
Zin
The Shining One

Shops:
D:3 :

Annotations:
D:2 Robin
D:7 1 runed translucent door, Crazy Yiuf
D:8 1 transporter


Innate Abilities, Weirdness & Mutations

You are immune to sickness and miasma.
You are immune to poison.
Your flesh is very heat resistant. (rF++)
You are vulnerable to cold. (rC-)
You float through the air rather than walking.
You learn spells naturally, not from books.
Your magical power is your life essence.
You have superior vitality. (+4 MHP)


Message History

Confirm with . or Enter, or press ? or * to list all spells.
Aiming: Airstrike (dangerous; 2% risk of failure)
Press: ? - help, Dir - move target, f/p - rime drake
Aim: a rime drake (lightly wounded, blind, unable to see you, empty space bonus: 6/8)
The air twists around and strikes the rime drake!
The rime drake is severely wounded.
The wolf bites you!
The zap misses the wolf.
The rime drake hisses angrily.
The wolf misses you. The wolf bites you.
The zap hits the rime drake.
The rime drake is severely wounded.
You are no longer robbed of momentum.
The wolf misses you. The rime drake breathes ice at you.
The icy flash freeze hits you!!
You feel a painful chill!
* * * LOW HITPOINT WARNING * * *
You are encased in ice.
The wolf bites you.
* * * LOW HITPOINT WARNING * * *
The rime drake completely misses you.
You feel better.
The rime drake is no longer blind.
The wolf barely misses you. The rime drake bites you.
* * * LOW HITPOINT WARNING * * *
The wolf barely misses you.
Blink to where?
Press: ? - help, Dir - move target, p - rime drake
As you read the scroll of blinking, it crumbles to dust.
Casting: Shock (safe; 1% risk of failure)
Confirm with . or Enter, or press ? or * to list all spells.
Aiming: Airstrike (dangerous; 2% risk of failure)
Press: ? - help, Dir - move target, f - wolf
Aim: a wolf (empty space bonus: 7/8)
The air twists around and strikes the wolf!!
The wolf is almost dead.
* * * LOW HITPOINT WARNING * * *
The ice encasing you melts away. The rime drake breathes ice at you.
The icy flash freeze hits you!
You feel a painful chill!
You die...

#.....#?.........
#......†....#.#.#
#..........###...
#........k.....
#........#.....
#.......h#..#... .....#
#........#.## ... ##......
##..........###.###)....##
#........@#.#.........[.
#.....................#
#......#....##........#
#...................#
#####....#...#.........###
##....................#...#
##...........#.....#.###...#
#...........###......# #..##
#..........## ##...### ##.##


You could see a rime drake (catching breath) and a wolf.

Vanquished Creatures
  Maggie (D:7)
  3 vampire mosquitoes (D:7)
  A water moccasin (D:7)
  4 ice beasts
  2 black bears
  An orc warrior (D:6)
  A wolf (D:8)
  A centaur (D:7)
  A kobold brigand (D:6)
  2 bullfrogs (D:6)
  A scorpion (D:5)
  2 howler monkeys
  5 hounds
  A jelly (D:5)
  4 orc priests
  4 bombardier beetles
  8 iguanas
  Natasha (D:4)
  3 gnolls (D:2)
  7 adders
  A river rat (D:5)
  A shadow imp (D:8)
  A white imp (D:8)
  2 ufetubi (D:6)
  A ribbon worm (D:2)
  2 dart slugs
  24 orcs
  6 endoplasms
  8 giant cockroaches
  8 goblins
  8 hobgoblins
  14 jackals
  5 quokkas
  7 ball pythons
  2 bats
  A frilled lizard (D:2)
  7 kobolds
  5 rats
156 creatures vanquished.

Notes
Turn   | Place    | Note
-------+----------+-------------------------------------------
     0 | D:1      | ces the Djinni Air Elementalist began the quest for the
                  | Orb.
     0 | D:1      | ces set off with the following spells memorised: Shock,
                  | Static Discharge, Swiftness, Airstrike.
     0 | D:1      | Reached XP level 1. HP: 15/15 MP: 0/0
    55 | D:1      | Reached XP level 2. HP: 11/21 MP: 0/0
   213 | D:1      | Reached XP level 3. HP: 23/25 MP: 0/0
   213 | D:1      | Learned a level 1 spell: Kiss of Death
   694 | D:2      | Found a blossoming altar of Fedhas.
   704 | D:2      | Reached skill level 3 in Dodging
   790 | D:2      | Reached XP level 4. HP: 29/31 MP: 0/0
  1078 | D:2      | Noticed Robin
  1094 | D:2      | Reached XP level 5. HP: 17/35 MP: 0/0
  1094 | D:2      | Learned a level 2 spell: Momentum Strike
  1786 | D:3      | Found a basalt altar of Yredelemnul.
  1923 | D:3      | Found a burning altar of Makhleb.
  1969 | D:3      | Found Noexonk's Vocational Training.
  2433 | D:4      | Reached skill level 4 in Dodging
  2433 | D:4      | Reached XP level 6. HP: 34/40 MP: 0/0
  2805 | D:4      | Noticed Natasha
  2810 | D:4      | Killed Natasha
  3286 | D:5      | Entered Level 5 of the Dungeon
  3294 | D:5      | Reached XP level 7. HP: 38/45 MP: 0/0
  3294 | D:5      | Learned a level 3 spell: Dazzling Flash
  3521 | D:5      | Reached skill level 5 in Dodging
  3534 | D:5      | Identified the storm talisman of Bilemorph {Will+ Int+2
                  | Slay+2 SInv}
  3992 | D:5      | Found a glowing drain.
  4228 | D:6      | Reached XP level 8. HP: 41/45 MP: 0/0
  4366 | D:6      | Reached skill level 5 in Spellcasting
  4366 | D:6      | Reached skill level 5 in Conjurations
  4366 | D:6      | Reached skill level 5 in Hexes
  4366 | D:6      | Reached skill level 5 in Summonings
  4366 | D:6      | Reached skill level 5 in Necromancy
  4366 | D:6      | Reached skill level 5 in Translocations
  4366 | D:6      | Reached skill level 5 in Fire Magic
  4366 | D:6      | Reached skill level 5 in Ice Magic
  4366 | D:6      | Reached skill level 5 in Air Magic
  4366 | D:6      | Reached skill level 5 in Earth Magic
  4366 | D:6      | Reached skill level 5 in Alchemy
  4470 | D:6      | Reached skill level 6 in Dodging
  4520 | D:6      | Reached skill level 5 in Stealth
  5091 | D:6      | Reached XP level 9. HP: 28/55 MP: 0/0
  5091 | D:6      | Learned a level 3 spell: Sigil of Binding
  5227 | D:6      | Found a staircase to the Ecumenical Temple.
  5496 | D:7      | Reached skill level 7 in Dodging
  5592 | D:7      | Found a sparkling altar of Nemelex Xobeh.
  5592 | D:7      | Found a sacrificial altar of Ru.
  5598 | D:7      | Found a hide-covered altar of Uskayaw.
  5603 | D:7      | Found a blossoming altar of Fedhas.
  5608 | D:7      | Found an iron altar of Okawaru.
  5718 | D:7      | Noticed Maggie
  5734 | D:7      | Killed Maggie
  6059 | D:7      | Reached skill level 8 in Dodging
  6209 | D:7      | Found a runed translucent door.
  6210 | D:7      | Noticed Crazy Yiuf
  6821 | Temple   | Entered the Ecumenical Temple
  6952 | D:3      | Became a worshipper of Makhleb the Destroyer
  7052 | D:8      | Found a transporter.
  7292 | D:8      | Reached XP level 10. HP: 52/60 MP: 0/0
  7333 | D:8      | Noticed a rime drake
  7343 | D:8      | Killed from afar by a rime drake

Illustrated notes

Levels and vault maps discovered:
D:1:      zelgadis_glass_arrival_small, layout_rooms, serial_bayou_lagoon_b
D:2:      layout_basic, basic_altar, wad_floor_pattern_untrapped, uniq_robin,
          uniq_terence
D:3:      layout_basic, pf_just_have_faith, yredelemnul_altar_generic,
          nicolae_shop_vocational
D:4:      layout_basic, uniq_natasha
D:5:      layout_rooms, portal_sewer_entry_b
D:6:      layout_basic, minmay_temple_entry_mist
D:7:      layout_loops_ring, nicolae_overflow_hallway_of_the_gods,
          uniq_crazy_yiuf_cottage, uniq_maggie
D:8:      layout_cave_pods, nicolae_overflow_hidden_temple,
          hellmonk_lair_entry_icy, ebering_ghost_reflecting_pool,
          nicolae_diode_intersection
Temple:   jpeg_temple_alley_garden

Skill      XL: |  1  2  3  4  5  6  7  8  9 |
---------------+----------------------------+-----
Stealth        | 2 3 4 5 7 |  7.1
Dodging        | 3 4 5 6 8 |  8.6
Spellcasting   | 4 5 6 |  6.7
Conjurations   | 4 5 6 |  6.7
Hexes          | 4 5 6 |  6.7
Summonings     | 4 5 6 |  6.7
Necromancy     | 4 5 6 |  6.7
Translocations | 4 5 6 |  6.7
Fire Magic     | 4 5 6 |  6.7
Ice Magic      | 4 5 6 |  6.7
Air Magic      | 4 5 6 |  6.7
Earth Magic    | 4 5 6 |  6.7
Alchemy        | 4 5 6 |  6.7

Action                     |  1- 3 |  4- 6 |  7- 9 | 10-12 || total
---------------------------+-------+-------+-------+-------++-------
  Melee: Unarmed           |     1 |       |       |       ||     1
   Cast: Shock             |    76 |   128 |   219 |     6 ||   429
         Static Discharge  |       |     1 |     2 |       ||     3
         Momentum Strike   |       |     8 |    27 |     1 ||    36
         Kiss of Death     |       |       |     4 |     1 ||     5
         Airstrike         |       |       |    10 |     3 ||    13
         Dazzling Flash    |       |       |     1 |     1 ||     2
         Sigil of Binding  |       |       |     1 |       ||     1
    Use: Scroll            |       |       |     7 |     1 ||     8
         Potion            |       |       |     1 |     1 ||     2
 Armour: Robe              |     3 |    18 |    28 |     6 ||    55
  Dodge: Dodged            |     8 |    20 |    25 |     7 ||    60
